 Dungeon Crawl Stone Soup version 0.28.0-1-gb440e238dd (webtiles) character file.

Game seed: 2361932427646801635

48 hikkokomori the Digger (level 3, 0/20 HPs)
             Began as a Gargoyle Earth Elementalist on Feb 26, 2022.
             Killed from afar by Sigmund (11 damage)
             ... with a magic dart
             ... on level 2 of the Dungeon.
             The game lasted 00:03:11 (1924 turns).

hikkokomori the Digger (GrEE)                       Turns: 1924, Time: 00:03:11

Health: 0/20       AC:  6    Str: 13    XL:     3   Next: 72%
Magic:  6/6        EV: 11    Int: 15    God:
Gold:   32         SH:  0    Dex: 10    Spells: 6/7 levels left

rFire   . . .      SeeInvis .   e - +0 falchion
rCold   . . .      Faith    .   (no shield)
rNeg    + . .      Spirit   .   b - +0 robe
rPois   ∞          Reflect  .   (no helmet)
rElec   +          Harm     .   (no cloak)
rCorr   .          Rampage  .   k - +0 pair of gloves
Will    .....                   (no boots)
Stlth   ++........              (no amulet)
HPRegen 0.06/turn               (no ring)
MPRegen 0.10/turn               (no ring)

@: no status effects
A: sickness immunity, AC +3, negative energy resistance 1, electricity
resistance, torment resistance 1, petrification resistance
a: no special abilities


You were on level 2 of the Dungeon.
You visited 1 branch of the dungeon, and saw 2 of its levels.

You collected 32 gold pieces.

Inventory:

Hand Weapons
 d - a +0 club
 e - a +0 falchion (weapon)
Missiles
 c - 80 stones
Armour
 b - a +0 robe (worn)
 k - a +0 pair of gloves (worn)
Scrolls
 a - a scroll of identify {unknown}
 f - a scroll of magic mapping {unknown}
 g - 2 scrolls of enchant weapon {unknown}
 h - a scroll of fear {unknown}


   Skills:
 + Level 1.5 Fighting
 - Level 1.5 Dodging
 + Level 3.0 Stealth
 + Level 2.5 Spellcasting
 - Level 0.7 Transmutations
 + Level 4.1 Earth Magic


You had 6 spell levels left.
You knew the following spells:

 Your Spells              Type           Power      Damage    Failure   Level
a - Sandblast             Erth           28%        2d8       3%          1

Your spell library contained the following spells:

 Spells                   Type           Power      Damage    Failure   Level
 Passwall                 Tmut/Erth      7%         N/A       12%         2
 Stone Arrow              Conj/Erth      16%        3d8       26%         3
 Petrify                  Tmut/Erth      9%         N/A       58%         4


Dungeon Overview and Level Annotations

Branches:
Dungeon (2/15)

Altars:

Annotations:
D:2 1 runed translucent door, Crazy Yiuf, Sigmund


Innate Abilities, Weirdness & Mutations

You are immune to sickness and miasma.
Your stone body is resilient. (AC +3)
You are immune to poison.
You resist negative energy. (rN+)
You are resistant to electric shocks. (rElec)
You are resistant to unholy torment.
You are immune to petrification.


Message History

No target in view!
No target in view!
No target in view!
No target in view!
No target in view!
No target in view!
No target in view!
No target in view!
g - 2 scrolls labelled ZYBROST FAWOH (gained 1)
Found a mace.
Found a runed translucent door.
Crazy Yiuf shouts!
Sigmund the Dreaded comes into view.
He is wielding a +4 scythe of freezing.
Sigmund is nearby!
Sigmund is nearby!
Sigmund shouts!
Sigmund points at you and mumbles some strange words.
The magic dart hits you.
Sigmund gestures wildly while chanting.
Sigmund flickers and vanishes!
Deactivating autopickup; reactivate with Ctrl-A.
A magic dart appears from out of thin air!
The magic dart hits you.
A puff of flame appears from out of thin air!
The puff of flame hits you.
A puff of flame appears from out of thin air!
The puff of flame misses you.
You are confused.
You bump into the rock wall.
A magic dart appears from out of thin air!
The magic dart hits you but does no damage.
It was a potion of heal wounds.
You feel much better.
You bump into the rock wall.
You bump into the rock wall.
A magic dart appears from out of thin air!
The magic dart hits you!
You feel less confused.
A magic dart appears from out of thin air!
The magic dart hits you!
Ouch! That really hurt!
You die...

#.##..#...###.# .. #.# ##.....
#.##.##...#.... #.# ###.....
#.#..#......... ##.####.......
....#.......###. ##.......♣♣♣♣♣P
...........## #.###.......♣≈≈≈♣≈≈
...###.....# #...........≈≈≈≈≈P≈
..#........######.....####P≈≈P≈≈≈
....................)....♣≈≈≈P≈≈≈
..#......######.@.......♣≈≈PP≈≈≈≈
.#..###..##.{...#.......♣≈P≈.P≈≈≈
....###.###.#####.........≈...≈.≈
............# #................
#...#..##########....#≈≈≈P≈......
......######.........#♣P♣≈P≈P≈≈..
##....# #....###.....###≈♣≈≈P≈≈≈≈
#....# ###### #.###..###♣≈≈≈♣♣≈≈
♣....♣ ### ##..# #♣♣♣♣♣♣♣


There were no monsters in sight!

Vanquished Creatures
  Terence (D:2)
  A dart slug (D:2)
  2 ball pythons
  A bat (D:1)
  2 endoplasms
  2 giant cockroaches (D:2)
  A hobgoblin (D:1)
  2 kobolds
  A quokka (D:1)
  4 frilled lizards
  3 goblins (D:1)
  4 rats
24 creatures vanquished.

Notes
Turn   | Place    | Note
-------+----------+-------------------------------------------
     0 | D:1      | hikkokomori the Gargoyle Earth Elementalist began the quest
                  | for the Orb.
     0 | D:1      | Reached XP level 1. HP: 10/10 MP: 3/3
   353 | D:1      | Reached XP level 2. HP: 2/16 MP: 0/5
  1150 | D:2      | Reached skill level 1 in Fighting
  1446 | D:2      | Noticed Terence
  1462 | D:2      | Killed Terence
  1463 | D:2      | Reached skill level 4 in Earth Magic
  1463 | D:2      | Reached XP level 3. HP: 9/20 MP: 0/6
  1873 | D:2      | Found a runed translucent door.
  1874 | D:2      | Noticed Crazy Yiuf
  1891 | D:2      | Noticed Sigmund
  1924 | D:2      | Killed from afar by Sigmund

Illustrated notes

Levels and vault maps discovered:
D:1:      giann_bridges, layout_loops_ring
D:2:      layout_rooms, ebering_ecumenical_altar_box, serial_bayou_ford_a,
          minmay_hexomino_u4, uniq_sigmund, uniq_crazy_yiuf_cottage,
          uniq_terence

Skill      XL: |  1  2  3 |
---------------+----------+-----
Fighting       | 1 |  1.5
Earth Magic    | 4 |  4.1
Stealth        | 3 |  3.0
Dodging        | |  1.5
Spellcasting   | |  2.5
Transmutations | |  0.7

Action                   || total
-------------------------++-------
Melee: Unarmed           ||    30
       Falchion          ||    41
       Club              ||     7
       Punch             ||     1
 Cast: Sandblast         ||    12
  Use: Scroll            ||     1
       Potion            ||     1
 Stab: Sleeping          ||     3
Armor: Robe              ||    23
Dodge: Dodged            ||    46
